 Dungeon Crawl Stone Soup version 0.28-a0-1167-g616b1c6417 (webtiles) character file.

Game seed: 2546717908421310063

1454 ChaosChampion the Thaumaturge (level 8, -13/41 HPs)
             Began as a Deep Elf Conjurer on Dec 16, 2021.
             Mangled by an ogre (27 damage)
             ... on level 6 of the Dungeon.
             The game lasted 00:11:44 (6007 turns).

ChaosChampion the Thaumaturge (Deep Elf Conjurer)   Turns: 6007, Time: 00:11:45

Health: -13/41     AC:  7    Str:  4    XL:     8   Next: 47%
Magic:  8/24       EV:  9    Int: 26    God:
Gold:   303        SH: 10    Dex: 13    Spells: 13/28 levels left

rFire   + . .      SeeInvis .   (no weapon)
rCold   + . .      Faith    .   m - +2 kite shield
rNeg    . . .      Spirit   .   j - +2 leather armour {rC+}
rPois   .          Reflect  .   (no helmet)
rElec   .          Harm     .   (no cloak)
rCorr   .          Rampage  .   u - +1 pair of gloves
Will    .....                   (no boots)
Stlth   ++........              (no amulet)
HPRegen 0.13/turn               h - ring of protection from fire
MPRegen 0.19/turn               (no ring)

@: very slightly contaminated
A: no striking features
a: no special abilities


You were on level 6 of the Dungeon.
You visited 1 branch of the dungeon, and saw 6 of its levels.

You collected 303 gold pieces.

Inventory:

Missiles
 l - a throwing net
Armour
 j - a +2 leather armour of cold resistance (worn)
 m - a +2 kite shield (worn)
 u - a +1 pair of gloves (worn)
Jewellery
 h - a ring of protection from fire (left hand)
 o - an amulet of faith
Wands
 n - a wand of iceblast (8)
Scrolls
 c - 5 scrolls of immolation
Potions
 d - 2 potions of curing
 e - a potion of heal wounds
 g - a potion of attraction
 i - 3 potions of berserk rage {unknown}
 k - 4 potions of flight {unknown}
 s - a potion of lignification {unknown}
 w - a potion of ambrosia {unknown}


   Skills:
 - Level 2.4 Dodging
 - Level 2.4 Stealth
 + Level 2.9 Shields
 + Level 10.6 Spellcasting
 + Level 7.4 Conjurations
 * Level 1.1 Hexes
 * Level 1.0 Translocations
 * Level 0.8 Ice Magic


You had 13 spell levels left.
You knew the following spells:

 Your Spells              Type           Power      Damage    Failure   Level
a - Magic Dart            Conj           100%       1d8       1%          1
b - Searing Ray           Conj           100%       2d8       2%          2
c - Fulminant Prism       Conj/Hex       18%        3d11      54%         4
d - Iskenderun's Mystic   Conj/Tloc      35%        2d8       54%         4
e - Hailstorm             Conj/Ice       35%        3d9       54%         4

Your spell library contained the following spells:

 Spells                   Type           Power      Damage    Failure   Level
 Shock                    Conj/Air       100%       1d9       9%          1
 Static Discharge         Conj/Air       33%        N/A       12%         2
 Dazzling Flash           Conj/Hex       72%        N/A       19%         3
 Animate Skeleton         Necr           26%        N/A       36%         1
 Pain                     Necr           52%        1d6       36%         1
 Call Imp                 Summ           13%        N/A       50%         2
 Frozen Ramparts          Ice            36%        1d5       61%         3
 Sticky Flame             Conj/Fire      33%        2d5       63%         4
 Swiftness                Air            13%        N/A       73%         3
 Vampiric Draining        Necr           13%        2d6       73%         3
 Freezing Cloud           Conj/Ice/Air   14%        6-21      97%         5
 Airstrike                Air            6%         N/A       98%         4
 Dispel Undead            Necr           13%        3d9       98%         4
 Summon Lightning Spire   Summ/Air       13%        N/A       98%         4
 Summon Forest            Summ/Tloc      8%         N/A       100%        5
 Simulacrum               Ice/Necr       8%         N/A       100%        6
 Malign Gateway           Summ/Tloc      8%         N/A       100%        7
 Summon Horrible Things   Summ           6%         N/A       100%        8
 Dragon's Call            Summ           6%         N/A       100%        9
 Polar Vortex             Ice            9%         N/A       100%        9


Dungeon Overview and Level Annotations

Branches:
Dungeon (6/15)             Temple (0/1) D:6

Altars:
Cheibriados
Kikubaaqudgha
Sif Muna
Uskayaw

Shops:
D:5 =


Message History

(Press . to maintain the ray.)
The bullfrog completely misses you.
Casting: Searing Ray (safe; 2% risk of failure)
Confirm with . or Enter, or press ? or * to list all spells.
Restarting spell: Searing Ray (safe; 2% risk of failure)
Press: ? - help, Shift-Dir - straight line, f - bullfrog
Aim: a bullfrog (79% to hit)
The searing ray hits the bullfrog!
The bullfrog is moderately wounded.
The searing ray hits the ogre!
The ogre is moderately wounded. (Press . to maintain the ray.)
The bullfrog closely misses you.
A two-headed ogre comes into view.
It is wielding a +0 giant spiked club and a +0 giant club.
The bullfrog misses you.
The searing ray hits the bullfrog!
The bullfrog is severely wounded.
The searing ray hits the ogre!
The ogre is heavily wounded.
You block the bullfrog's attack.
Casting: Searing Ray (safe; 2% risk of failure)
Confirm with . or Enter, or press ? or * to list all spells.
Restarting spell: Searing Ray (safe; 2% risk of failure)
Press: ? - help, Shift-Dir - straight line, f/p - bullfrog
Aim: a bullfrog (severely wounded, 79% to hit)
The searing ray hits the bullfrog!
You kill the bullfrog! (Press . to maintain the ray.)
The ogre hits you with a +0 giant club!
Your Hexes skill increases to level 1!
Your Translocations skill increases to level 1!
Casting: Searing Ray (safe; 2% risk of failure)
Confirm with . or Enter, or press ? or * to list all spells.
The spell is extremely dangerous to miscast (54% risk of failure)!
Continue anyway?
You miscast Iskenderun's Mystic Blast.
You are very lightly contaminated with residual magic.
You are blasted with magical energy!
The ogre hits you with a +0 giant club!!
Ouch! That really hurt!
You die...

*########.##...[....,,,,,,,,,,
*..................#*,,,,,,,,,
*.######...#.......#.,,*,,,,,,
*,* ##..##.#......,,*,,,,,,
*,* ##..#........,,,,,,,,, *,*
###..........,,,,,*,,, *,*****
#............,,,,,,,,*
*,,,,,**###..#.......,,,,,,,,,
*,***,,,**###@......♣**,,,,,**
*,*,**#.......O.....♣≈≈≈≈≈≈≈≈≈
*,**,,###...)D......♣≈*,,,,,*≈
*,,***,*###..........≈,,,,,,,≈
**,,**,,,*##O?.......≈,,,,,,,≈
**,,***,,,#....#....≈,,,>,,,≈
**,,**,*,#..#.#....≈,,,,,,,≈
*,,,***,..####,...≈,,,,,,,≈
*,,,,**,*,,,,,,,,*≈*,,,,,*≈


You could see an eight-headed hydra, a two-headed ogre and an ogre.

Vanquished Creatures
  A kobold demonologist (D:3)
  Grinder (D:3)
  A necrophage (D:6)
  A sky beast (D:3)
  A bullfrog (D:6)
  A gnoll sergeant (D:5)
  A scorpion (D:4)
  A howler monkey (D:4)
  A bullfrog skeleton (D:5)
  2 orc priests
  2 gnoll shamans (D:4)
  A hound (D:5)
  An iguana (D:5)
  2 orc wizards
  A scorpion zombie (D:5)
  A killer bee zombie (D:6)
  A hound skeleton (D:2)
  15 gnolls
  An adder (D:5)
  3 shadow imps (D:3)
  An adder skeleton (D:5)
  A worm (D:4)
  18 orcs
  7 endoplasms
  5 giant cockroaches
  14 goblins
  10 hobgoblins
  5 quokkas
  5 ball pythons
  5 bats
  5 frilled lizards
  4 kobolds
  5 rats
  A fulminant prism (D:3)
125 creatures vanquished.

Vanquished Creatures (others)
  A fulminant prism (D:3)
  9 plants
10 creatures vanquished.

Grand Total: 135 creatures vanquished

Notes
Turn   | Place    | Note
-------+----------+-------------------------------------------
     0 | D:1      | ChaosChampion the Deep Elf Conjurer began the quest for the
                  | Orb.
     0 | D:1      | Reached XP level 1. HP: 10/10 MP: 6/6
   284 | D:1      | Reached XP level 2. HP: 15/15 MP: 2/8
   620 | D:1      | Reached skill level 4 in Spellcasting
  1012 | D:2      | Found a faded altar of an unknown god.
  1347 | D:2      | Reached XP level 3. HP: 19/19 MP: 8/10
  1350 | D:2      | Learned a level 2 spell: Searing Ray
  1833 | D:2      | Reached skill level 5 in Spellcasting
  1875 | D:2      | Reached skill level 5 in Conjurations
  2184 | D:3      | Found a transporter.
  2187 | D:3      | Reached XP level 4. HP: 24/24 MP: 8/13
  2278 | D:3      | Noticed a kobold demonologist
  2420 | D:3      | Noticed Grinder
  2432 | D:3      | Killed Grinder
  2433 | D:3      | Reached skill level 7 in Spellcasting
  2433 | D:3      | Reached XP level 5. HP: 28/28 MP: 0/16
  2433 | D:3      | Reached XP level 6. HP: 32/32 MP: 0/18
  2565 | D:3      | Found a transporter.
  2667 | D:3      | Learned a level 4 spell: Fulminant Prism
  2672 | D:3      | Learned a level 4 spell: Iskenderun's Mystic Blast
  2675 | D:3      | Noticed a sky beast
  2680 | D:3      | Killed a sky beast
  2880 | D:3      | Noticed a soul eater
  2889 | D:3      | Reached skill level 8 in Spellcasting
  2896 | D:3      | Noticed an ice devil
  2896 | D:3      | Killed a kobold demonologist
  2897 | D:3      | Reached skill level 1 in Shields
  2897 | D:3      | Reached XP level 7. HP: 8/36 MP: 4/21
  2898 | D:3      | Reached skill level 9 in Spellcasting
  3638 | D:4      | Found an ancient bone altar of Kikubaaqudgha.
  4252 | D:4      | Found a snail-covered altar of Cheibriados.
  4675 | D:4      | Reached XP level 8. HP: 41/41 MP: 14/23
  4735 | D:4      | Found a hide-covered altar of Uskayaw.
  4861 | D:4      | Found a shimmering blue altar of Sif Muna.
  5010 | D:5      | Entered Level 5 of the Dungeon
  5102 | D:5      | Reached skill level 10 in Spellcasting
  5746 | D:5      | Found Xoag's Jewellery Emporium.
  5904 | D:6      | Identified a scroll of acquirement
  5904 | D:6      | Acquired ChaosChampion's Disquisition on the Glacial Escort
  5937 | D:6      | Learned a level 4 spell: Hailstorm
  6001 | D:6      | Noticed an eight-headed hydra
  6003 | D:6      | Noticed a two-headed ogre
  6006 | D:6      | Reached skill level 1 in Hexes
  6006 | D:6      | Reached skill level 1 in Translocations
  6007 | D:6      | Mangled by an ogre

Illustrated notes

Levels and vault maps discovered:
D:1:      dpeg_chamrin_arrival_tetris, layout_loops_ring
D:2:      cheibrodos_greedy_goblins, layout_rooms,
          shapermc_ecumenical_altar_venn, chequers_big_river
D:3:      gammafunk_wand_slinger, layout_basic, uniq_grinder
D:4:      layout_basic, mainiacjoe_overflow_surrounded_room,
          kennysheep_mini_moat, mainiacjoe_overflow_catch_the_wave
D:5:      layout_gridville, serial_shops,
          nicolae_shop_temple_entry_statues_fountains, hex_tiny
D:6:      layout_cave_pools, yredelemnul_forgotten_temple_becter,
          minmay_temple_entry_water_ring, serial_park_tiny_1, minivault_26,
          minmay_manual_mandibuliform

Skill      XL: |  1  2  3  4  5  6  7  8 |
---------------+-------------------------+-----
Spellcasting   | 4 5 7 8 9 10 | 10.6
Conjurations   | 5 6 7 |  7.4
Shields        | 1 2 |  2.9
Hexes          | 1 |  1.1
Translocations | 1 |  1.0
Dodging        | |  2.4
Stealth        | |  2.4
Ice Magic      | |  0.8

Action                   |  1- 3 |  4- 6 |  7- 9 || total
-------------------------+-------+-------+-------++-------
Melee: Unarmed           |     4 |       |       ||     4
 Cast: Magic Dart        |    73 |    33 |    61 ||   167
       Searing Ray       |     5 |     7 |    49 ||    61
       Fulminant Prism   |       |     2 |       ||     2
       Iskenderun's Myst |       |     1 |       ||     1
Evoke: Wand              |       |     4 |       ||     4
  Use: Scroll            |       |       |    10 ||    10
Armor: Leather armour    |     7 |     2 |     4 ||    13
       Robe              |     1 |       |       ||     1
Dodge: Dodged            |     6 |     9 |    17 ||    32
Block: Kite shield       |       |       |     5 ||     5

Table legend: (Time is in decaauts)
 A = Elapsed time spent in this place.
 B = Non-inter-level travel time spent in this place.
 C = Inter-level travel time spent in this place.
 D = Time resting spent in this place.
 E = Time spent auto-exploring this place.
 F = Levels seen in this place.
 G = Mean time per level.
                   A        B        C        D        E       F      G
               +--------+--------+--------+--------+--------+-----+--------+
         Total |   6020 |   5879 |    141 |    374 |   4593 |   6 | 1003.3 |
       Dungeon |   6020 |   5879 |    141 |    374 |   4593 |   6 | 1003.3 |
               +--------+--------+--------+--------+--------+-----+--------+

Top non-repeatable levels by time:
     D:3: 1586 daAuts
     D:4: 1469 daAuts
     D:2: 1241 daAuts
     D:1: 951 daAuts
     D:5: 655 daAuts
     D:6: 116 daAuts
